 Dungeon Crawl Stone Soup version 0.32-a0-868-g153ae1a8d6 (webtiles) character file.

Game seed: 1650005986818885325

158 Biggs the Shooter (level 5, -3/38 HPs)
             Began as a Coglin Hunter on Mar 28, 2024.
             Slain by a gnoll
             ... wielding a +0 whip
             ... led by a gnoll bouda
              (8 damage)
             ... on level 4 of the Dungeon.
             The game lasted 00:03:13 (1989 turns).

Biggs the Shooter (Coglin Hunter)                   Turns: 1989, Time: 00:03:15

Health: -3/38      AC:  4    Str: 11    XL:     5   Next: 40%
Magic:  5/5        EV: 11    Int:  9    God:
Gold:   134        SH:  0    Dex: 19    Spells: 4/4 levels left

rFire   . . .        j - +2 sling (flame) {Charoen}
rCold   . . .        a - +2 sling {Malena}
rNeg    . . .        c - +0 leather armour
rPois   .            (no helmet)
rElec   .            (no cloak)
rCorr   .            (no gloves)
SInv    .            r - +0 pair of boots
Will    .....        (amulet unavailable)
Stlth   ++           (ring unavailable)
HPRegen 0.26/turn    (ring unavailable)
MPRegen 0.09/turn    (no gizmo)

%: no passive effects
@: revving
A: off-hand wielding, slow wielding, warmup strikes, no jewellery
a: Invent Gizmo


You were on level 4 of the Dungeon.
You visited 1 branch of the dungeon, and saw 4 of its levels.

You collected 197 gold pieces.
You spent 63 gold pieces at shops.

Inventory:

Hand Weapons
 a - a +2 sling (offhand) {Malena}
 j - a +2 sling of flaming (weapon) {Charoen}
Armour
 c - a +0 leather armour (worn)
 r - a +0 pair of boots (worn)
Scrolls
 d - 3 scrolls of teleportation {unknown}
 e - a scroll of amnesia {unknown}
 h - a scroll of poison {unknown}
 m - a scroll of acquirement {unknown}
 n - a scroll of enchant armour {unknown}
 o - 2 scrolls of identify {unknown}
 p - a scroll of immolation {unknown}
 q - a scroll of torment {unknown}
Potions
 f - a potion of heal wounds
 g - 2 potions of curing {unknown}
 i - 2 potions of enlightenment {unknown}
 k - 2 potions of brilliance {unknown}
 l - a potion of magic {unknown}
 s - a potion of lignification {unknown}


   Skills:
 - Level 2.0 Fighting
 + Level 5.9 Ranged Weapons
 - Level 1.7 Dodging
 - Level 0.7 Stealth


You had 4 spell levels left.
You didn't know any spells.
Your spell library contained the following spells:

 Spells                   Type           Power      Damage    Failure   Level
 Static Discharge         Conj/Air       0%         3-3/arc   63%         2
 Airstrike                Air            0%         2d(0-16)  99%         4
 Summon Lightning Spire   Summ/Air       0%         N/A       99%         4


Dungeon Overview and Level Annotations

Branches:
Dungeon (4/15)
 Temple: D:4-7

Altars:

Shops:
D:4 [=

Annotations:
D:4 2 transporters


Innate Abilities, Weirdness & Mutations

You can wield a second weapon in your off-hand.
It takes a long time for you to wield or remove held weapons.
Your first few attacks do less damage.
You cannot equip rings or amulets.


Message History

The gnoll hits you with a +0 whip!
You wake up.
Unknown command.
The sleepcap attacks as it pursues you! The sleepcap releases spores at you.
You are engulfed in a cloud of soporific spores!
You are unaffected.
Fire: j) +2 sling (flame) {Charoen}
Press: ? - help, Q - select action Shift-Dir - straight line, f/p - sleepcap
Aim: a sleepcap (severely damaged, 98% to hit)
You shoot a sling bullet. The sling bullet hits the sleepcap.
The sleepcap is almost destroyed.
You shoot a sling bullet. The sling bullet hits the sleepcap.
The sling bullet burns the sleepcap.
You destroy the sleepcap!
The gnoll hits you with a +0 whip.
* * * LOW HITPOINT WARNING * * *
Unknown command.
Found a stone staircase leading up.
The gnoll throws a throwing net.
The throwing net hits you.
You become entangled in the net!
You see here a throwing net.
As you read the scroll of butterflies, it crumbles to dust.
You hear the flapping of tiny wings.
The gnoll is knocked back by the sudden gust.
The gnoll bouda is knocked back by the sudden gust.
The gnoll is knocked back by the sudden gust.
Your attacks no longer feel as feeble.
Unknown command.
You tear a large gash into the net.
The gnoll hits you with a +0 whip.
* * * LOW HITPOINT WARNING * * *
The gnoll barely misses your butterfly.
The gnoll bouda barely misses your butterfly.
Unknown command.
You struggle against the net.
The gnoll completely misses your butterfly.
The gnoll hits you with a +0 whip.
* * * LOW HITPOINT WARNING * * *
The gnoll bouda closely misses your butterfly.
Unknown command.
You rip the net and break free!
The gnoll is no longer moving quickly.
The gnoll hits you with a +0 whip!
You die...

...............##
#......##......## .
##......#........## #.##
#....#............#
#....#....#...###..).###
...)..g........#.∩.###.#
#).b....##...†..#..##
#?.#bbb####.##......####
#..#bgbb@bb.####....#..##
.<...bbbgbb..###....##...#
..#.##..#bb#bb.b......#...#
#.....
#b###bbbb.#...........
...#.....#
####.b##.......... ##
##.##.# #.<..#.......... .
#. . ..#..........
..#.####..... ... ........


You could see a gnoll bouda (ally target) and 2 gnolls.

Vanquished Creatures
  A bombardier beetle (D:3)
  A sleepcap (D:4)
  An adder (D:3)
  2 gnolls (D:4)
  2 dart slugs
  5 ribbon worms
  An orc (D:3)
  7 bats
  4 endoplasms
  2 giant cockroaches (D:1)
  6 goblins
  4 hobgoblins
  A quokka (D:4)
  3 ball pythons
  3 frilled lizards
  10 kobolds
  5 rats
58 creatures vanquished.

Notes
Turn   | Place    | Note
-------+----------+-------------------------------------------
     0 | D:1      | Biggs the Coglin Hunter began the quest for the Orb.
     0 | D:1      | Reached XP level 1. HP: 16/16 MP: 1/1
    66 | D:1      | Reached skill level 4 in Ranged Weapons
    66 | D:1      | Reached XP level 2. HP: 22/22 MP: 2/2
   562 | D:1      | Reached XP level 3. HP: 27/27 MP: 3/3
  1228 | D:3      | Reached skill level 5 in Ranged Weapons
  1228 | D:3      | Reached XP level 4. HP: 7/33 MP: 4/4
  1283 | D:3      | Found a faded altar of an unknown god.
  1883 | D:4      | Found a transporter.
  1905 | D:4      | Found Evuhynn's Jewellery Boutique.
  1922 | D:4      | Found a transporter.
  1936 | D:4      | Found Ofiecept's Armour Shop.
  1946 | D:4      | Bought a +0 pair of boots for 63 gold pieces
  1974 | D:4      | Reached XP level 5. HP: 38/38 MP: 5/5
  1989 | D:4      | Slain by a gnoll

Illustrated notes

Levels and vault maps discovered:
D:1:      psy_arrival_spokes, layout_basic
D:2:      layout_rooms, grunt_decor_mini_mirrors
D:3:      layout_basic, ebering_ecumenical_altar_box,
          chequers_serial_rivers_room_a, minmay_fountain_box
D:4:      gammafunk_steamed_eel, layout_cave_pools, serial_shops, shop, shop,
          nicolae_shop_behind_doors, nicolae_shop_stone, shop_statue

Skill      XL: |  1  2  3 |
---------------+----------+-----
Ranged Weapons | 4 5 |  5.9
Fighting       | |  2.0
Dodging        | |  1.7
Stealth        | |  0.7

Action                     |  1- 3 |  4- 6 || total
---------------------------+-------+-------++-------
   Fire: Sling             |   166 |    58 ||   224
    Use: Potion            |       |     1 ||     1
         Scroll            |       |     1 ||     1
 Armour: Leather armour    |     9 |    10 ||    19
  Dodge: Dodged            |     8 |     2 ||    10

Table legend: (Time is in decaauts)
 A = Elapsed time spent in this place.
 B = Non-inter-level travel time spent in this place.
 C = Inter-level travel time spent in this place.
 D = Time resting spent in this place.
 E = Time spent auto-exploring this place.
 F = Levels seen in this place.
 G = Mean time per level.
                   A        B        C        D        E       F      G
               +--------+--------+--------+--------+--------+-----+--------+
         Total |   2012 |   1944 |     68 |      0 |   1637 |   4 |  503.0 |
       Dungeon |   2012 |   1944 |     68 |      0 |   1637 |   4 |  503.0 |
               +--------+--------+--------+--------+--------+-----+--------+

Top non-repeatable levels by time:
     D:1: 707 daAuts
     D:3: 666 daAuts
     D:2: 526 daAuts
     D:4: 111 daAuts
